 Dungeon Crawl Stone Soup version 0.20.1-1-g8b1a95d (webtiles) character file.

135 NoNouf the Sneak (level 5, 0/32 HPs)
             Began as an Octopode Ice Elementalist on Aug 15, 2017.
             Slain by an orc (4 damage)
             ... on level 3 of the Dungeon.
             The game lasted 00:22:13 (3508 turns).

NoNouf the Sneak (Octopode Ice Elementalist)        Turns: 3508, Time: 00:22:14

Health: 0/32       AC:  1    Str:  8    XL:     5   Next: 18%
Magic:  5/8        EV: 13    Int: 17    God:
Gold:   107        SH:  0    Dex: 13    Spells: 4/8 levels left

rFire    + + .     SeeInvis .   g - +1 dagger (holy)
rCold    . . .     Gourm    .   (no shield)
rNeg     . . .     Faith    .   (helmet restricted)
rPois    .         Spirit   .   (no amulet)
rElec    .         Reflect  .   d - ring of protection from fire
rCorr    .         Harm     .   j - ring of protection from fire
MR       .....                  (no ring)
Stlth    ++++......             (no ring)
Regen    0.1/turn               (no ring)
MPRegen  0.2/turn               (no ring)
                                (no ring)
                                (no ring)

@: very slightly contaminated
A: almost no armour, stealthy swim, amphibious, 8 rings, constrict 8, camouflage
1, gelatinous body 1
a: no special abilities


You were on level 3 of the Dungeon.
You were not hungry.

You visited 1 branch of the dungeon, and saw 3 of its levels.

You collected 107 gold pieces.

Inventory:

Hand Weapons
 g - a +1 dagger of holy wrath (weapon)
 o - a +0 dagger of draining
Missiles
 h - 7 javelins (quivered)
Jewellery
 d - a ring of protection from fire (left tentacle)
 j - a ring of protection from fire (right tentacle)
 k - an uncursed amulet of faith
Scrolls
 e - a scroll of identify
 i - a scroll of immolation
 m - a scroll of fear {unknown}
Potions
 c - a potion of heal wounds
Books
 a - a book of Frost

   Spells                             Type                      Level
   a - Freeze                         Ice                          1
   b - Throw Frost                    Conjuration/Ice              2
   c - Ozocubu's Armour               Charms/Ice                   3
   d - Throw Icicle                   Conjuration/Ice              4
   e - Summon Ice Beast               Ice/Summoning                4
Comestibles
 b - 5 bread rations
 f - a meat ration
 l - a fruit
 n - 5 chunks of flesh


   Skills:
 + Level 0.4 Fighting
 - Level 3.1 Short Blades
 - Level 2.3 Dodging
 - Level 5.0 Stealth
 - Level 2.0 Spellcasting
   Level 1.0 Conjurations
 - Level 0.4 Charms
 - Level 3.0 Ice Magic


You had 4 spell levels left.
You knew the following spells:

 Your Spells              Type           Power        Failure   Level  Hunger
a - Freeze                Ice            ##..         5%          1    #......
b - Ozocubu's Armour      Chrm/Ice       #.......     28%         3    ###....


Dungeon Overview and Level Annotations

Branches:
Dungeon (3/15)

Altars:
Nemelex Xobeh

Annotations:
D:3 Xelenos's ghost, amateur FoFi


Innate Abilities, Weirdness & Mutations

You cannot wear most types of armour.
You are very stealthy in the water. (Stealth+)
You are amphibious.
You can wear up to eight rings at the same time.
You can use your tentacles to constrict eight enemies at once.
Your skin changes colour to match your surroundings (Stealth+).
Your rubbery body absorbs attacks. (AC +1, EV +1)


Message History

You hit the orc wizard but do no damage.
Your grab misses the orc wizard. The orc wizard casts a spell at you.
The magic dart hits you!
You hit the orc wizard. Your grab misses the orc wizard.
The orc wizard is lightly wounded.
The orc shouts!
You hear a shout!
The orc wizard barely misses you.
Casting: Ozocubu's Armour
Confirm with . or Enter, or press ? or * to list all spells.
You miscast Ozocubu's Armour.
You are very lightly contaminated with residual magic.
You are caught in an explosion of ice and frost!
The explosion engulfs you!
* * * LOW HITPOINT WARNING * * *
The explosion engulfs the orc wizard.
The orc wizard dies!
An orc comes into view.
You hit the orc but do no damage. Your grab misses the orc. The orc hits you.
You die...

.
.#..######
......o@.#
.#.o####.#
. #.# #>#
#####.##
#......#
#.###..#
#. ####.#
#..# ..
#....#
#..# .#


You could see 2 orcs.

Vanquished Creatures
  Jessica (D:3)
  Robin (D:2)
  2 adders
  2 worms (D:2)
  2 leopard geckos (D:1)
  2 orcs (D:3)
  A bat (D:2)
  4 giant cockroaches
  17 goblins
  7 hobgoblins
  4 jackals
  6 kobolds
  2 ball pythons (D:2)
  12 rats
63 creatures vanquished.

Vanquished Creatures (others)
  An orc wizard (D:3)
  2 plants (D:2)
3 creatures vanquished.

Grand Total: 66 creatures vanquished

Notes
Turn   | Place    | Note
-------+----------+-------------------------------------------
     0 | D:1      | NoNouf the Octopode Ice Elementalist began the quest for the Orb.
     0 | D:1      | Reached XP level 1. HP: 11/11 MP: 3/3
   242 | D:1      | Reached skill level 3 in Stealth
   415 | D:1      | Reached XP level 2. HP: 17/17 MP: 3/5
   448 | D:1      | Reached skill level 4 in Stealth
  1086 | D:2      | Noticed Robin
  1330 | D:2      | Found a sparkling altar of Nemelex Xobeh.
  1358 | D:2      | Reached skill level 5 in Stealth
  1358 | D:2      | Reached XP level 3. HP: 21/21 MP: 4/6
  1963 | D:2      | Learned a level 3 spell: Ozocubu's Armour
  2101 | D:2      | Reached skill level 1 in Short Blades
  2105 | D:2      | Reached XP level 4. HP: 26/27 MP: 2/7
  2197 | D:2      | Killed Robin
  2790 | D:3      | Noticed Xelenos's ghost (amateur FoFi)
  3406 | D:3      | Noticed Jessica
  3422 | D:3      | Killed Jessica
  3422 | D:3      | Reached XP level 5. HP: 21/31 MP: 1/8
  3508 | D:3      | Slain by an orc

Skill      XL: |  1  2  3  4 |
---------------+-------------+-----
Stealth        | 3 5 |  5.0
Short Blades   | 1 3 |  3.1
Fighting       | |  0.4
Dodging        | |  2.3
Spellcasting   | |  2.0
Conjurations   | |  1.0
Charms         | |  0.4
Ice Magic      | |  3.0

Action                   |  1- 3 |  4- 6 || total
-------------------------+-------+-------++-------
Melee: Unarmed           |    20 |       ||    20
       Constrict         |    13 |    17 ||    30
       Tentacles         |    11 |    17 ||    28
       Dagger            |    24 |   104 ||   128
 Cast: Freeze            |    32 |       ||    32
       Ozocubu's Armour  |     3 |     6 ||     9
  Use: Scroll            |     5 |       ||     5
 Stab: Sleeping          |    10 |     3 ||    13
  Eat: Chunk             |     4 |     6 ||    10
Armor: Skin              |     8 |    11 ||    19
Dodge: Dodged            |    28 |    40 ||    68
